Map: At Eternity's Edge LE

Players

liquidclem (Clem) - Winner!

  • Race: Terran Terran
  • League: Grandmaster
  • Spawn Location: 5:00

sebesdes

  • Race: Protoss Protoss
  • League: Grandmaster
  • Spawn Location: 11:00

Event: HomeStory Cup XXIX

VOD

Have the link to the VOD?

Description

Time

  • Played on: July 3, 2026, 12:03 p.m.
  • Length: 4:01

All games in this series

Show
View Real Time Build Order
Export as new Build Order

liquidclem Terran - Winner!

Build Orders:  

Get SALT Encoding   

  8  0:00  SCV  
  9  0:12  SCV  
  10  0:24  SCV  
  10  0:27  Supply Depot  
  11  0:36  SCV  
  12  0:48  SCV  
  13  0:52  Barracks  
  13  1:00  SCV  
  14  1:04  Refinery  
  14  1:12  SCV  
  15  1:24  SCV  
  16  1:39  Orbital Command, Marine  
  17  1:59  Barracks Tech Lab  
  17  2:05  SCV  
  18  2:14  Command Center  
  18  2:20  Marauder  
  20  2:27  Supply Depot  
  20  2:28  SCV  
  21  2:32  Concussive Shells  
  21  2:46  Bunker  
  21  2:54  Command Center  
  21  2:57  SCV, Marauder  
  23  3:09  SCV  
  23  3:18  Marauder  
  25  3:21  SCV  
  25  3:24  Barracks  
  26  3:28  Supply Depot  
  26  3:33  SCV  
  27  3:40  Marauder  
  29  3:49  SCV  
Show
View Real Time Build Order
Export as new Build Order

sebesdes Protoss 

Build Orders:  

Get SALT Encoding   

  8  0:00  Probe (Chrono Boost)  
  9  0:12  Probe (Chrono Boost)  
  11  0:21  Probe (Chrono Boost)  
  11  0:26  Probe  
  12  0:36  Pylon  
  12  0:40  Probe  
  13  0:56  Gateway  
  13  0:59  Probe  
  14  1:10  Assimilator  
  14  1:11  Probe  
  15  1:19  Pylon  
  15  1:23  Probe  
  17  1:43  Zealot (Chrono Boost)  
  17  1:45  Cybernetics Core, Probe  
  19  1:57  Probe  
  20  2:04  Zealot (Chrono Boost)  
  22  2:09  Probe  
  23  2:21  Probe  
  24  2:25  Stalker (Chrono Boost)  
  26  2:33  Probe  
  27  2:50  Stalker  
  29  3:09  Nexus  
  29  3:11  Probe, Pylon  
  28  3:21  Assimilator  
  28  3:23  Probe  
  29  3:28  Twilight Council  
  29  3:40  Probe  
Tags
 
Add a new tag
Caveats
  • Supply blocks, unpowered buildings, or Contaminate may cause inaccurate times.
  • Supply counts are checked every 10 seconds.